 Dungeon Crawl Stone Soup version 0.21-a0-584-g185da8e (webtiles) character file.

221 mortelune the Skirmisher (level 5, -16/42 HPs)
             Began as a Demonspawn Abyssal Knight on Dec 20, 2017.
             Was a Believer of Lugonu.
             Blown up by Ijyb (21 damage)
             ... with a wand of disintegration (14)
             ... on level 3 of the Dungeon.
             The game lasted 00:11:49 (3950 turns).

mortelune the Skirmisher (DsAK)                     Turns: 3950, Time: 00:11:50

Health: -16/42     AC: 13    Str: 13    XL:     5   Next: 65%
Magic:  6/6        EV: 11    Int: 13    God:    Lugonu [**....]
Gold:   144        SH:  0    Dex: 18    Spells: 4/4 levels left

rFire    . . .     SeeInvis .   a - +1 mace
rCold    . . .     Gourm    .   (no shield)
rNeg     . . .     Faith    .   k - +0 chain mail
rPois    .         Spirit   .   (helmet restricted)
rElec    .         Reflect  .   (no cloak)
rCorr    .         Harm     .   g - +0 pair of gloves
MR       .....                  e - +0 pair of boots
Stlth    ..........             (no amulet)
HPRegen  0.14/turn              j - ring of wizardry
MPRegen  0.10/turn              (no ring)

@: agile
A: horns 2, yellow scales 1, rot immunity
a: Depart the Abyss, Bend Space, Renounce Religion


You were on level 3 of the Dungeon.
You worshipped Lugonu.
Lugonu was pleased with you.
You were not hungry.

You visited 1 branch of the dungeon, and saw 3 of its levels.
You visited the Abyss 1 time.

You collected 144 gold pieces.

Inventory:

Hand Weapons
 a - a +1 mace (weapon)
 b - a +0 hunting sling
Missiles
 d - 57 stones (quivered)
 h - 27 sling bullets
Armour
 e - a +0 pair of boots (worn)
 f - a +0 ring mail
 g - a +0 pair of gloves (worn)
 k - a +0 chain mail (worn)
 u - a +0 plate armour
Jewellery
 j - a ring of wizardry (left hand)
 l - an uncursed ring of fire {unknown}
Wands
 n - a wand of random effects (24)
Scrolls
 p - 2 scrolls of remove curse {unknown}
 r - a scroll of amnesia {unknown}
Potions
 m - a potion of cancellation {unknown}
 o - a potion of mutation {unknown}
 q - a potion of brilliance {unknown}
 t - a potion of might
Comestibles
 c - 5 rations
 s - 3 chunks of flesh


   Skills:
 + Level 4.1 Fighting
 * Level 4.0 Maces & Flails
 + Level 3.0 Armour
 - Level 0.8 Dodging
 - Level 2.4 Invocations


You had 4 spell levels left.
You didn't know any spells.

Dungeon Overview and Level Annotations

Branches:
Dungeon (3/15)

Altars:
Dithmenos
Kikubaaqudgha
Makhleb
Vehumet
Xom

Annotations:
D:3 Ijyb


Innate Abilities, Weirdness & Mutations

You have a pair of horns on your head.
You are partially covered in yellow scales. (AC +2)
You are immune to rotting.


Message History

You closely miss Ijyb.
Ijyb is moderately wounded.
Ijyb hits you with a dagger.
You hit Ijyb but do no damage.
Ijyb is moderately wounded.
Ijyb hits you but does no damage. Ijyb barely misses you.
You hit Ijyb.
Ijyb is heavily wounded.
Ijyb hits you but does no damage.
You hit Ijyb but do no damage. Your headbutt misses Ijyb.
Ijyb is heavily wounded.
Ijyb zaps a wand.
You are blasted!
* * * LOW HITPOINT WARNING * * *
You hit Ijyb but do no damage.
Ijyb is heavily wounded.
Ijyb barely misses you.
You feel agile all of a sudden.
Ijyb zaps a wand.
You are blasted!
Ouch! That really hurt!
You die...

#.....#. ##
##...... #.
......# #. #.....#
#.# #. ..... #.#
#. ... #.# #. #g#
#.# #. #@# #.# ##.
#.# #.###.. #.#
#.##... #.#
########.##... #.#
#.............
#.###.######.##...
#.##...#####.##...
#................#
####...####.###.##


You could see Ijyb.

Vanquished Creatures
  A hound (D:2)
  Jessica (D:2)
  Natasha (D:3)
  6 adders (D:3)
  4 worms
  5 dart slugs
  2 leopard geckos
  2 ball pythons (D:1)
  5 bats
  5 giant cockroaches
  8 hobgoblins
  7 jackals
  A quokka (D:3)
  4 frilled lizards
  7 goblins
  3 kobolds
  5 rats
67 creatures vanquished.

Notes
Turn   | Place    | Note
-------+----------+-------------------------------------------
     0 | Abyss:1  | mortelune the Demonspawn Abyssal Knight began the quest for the Orb.
     0 | Abyss:1  | Reached XP level 1. HP: 18/18 MP: 2/2
     0 | D:1      | Escaped the Abyss
   640 | D:1      | Gained mutation: You have a pair of small horns on your head. [demonic ancestry]
   640 | D:1      | Reached XP level 2. HP: 22/24 MP: 3/3
  1272 | D:2      | Reached * piety under Lugonu
  1547 | D:2      | Found a burning altar of Makhleb.
  1559 | D:2      | HP: 1/24 [hound (3)]
  1565 | D:2      | Gained mutation: You are partially covered in yellow scales. (AC +2) [demonic ancestry]
  1565 | D:2      | Reached XP level 3. HP: 2/29 MP: 4/4
  2190 | D:2      | Gained mutation: You are immune to rotting. [demonic ancestry]
  2190 | D:2      | Reached XP level 4. HP: 28/35 MP: 5/5
  2712 | D:2      | Found a shimmering altar of Xom.
  2799 | D:2      | Noticed Jessica
  2800 | D:2      | Killed Jessica
  3228 | D:3      | Gained mutation: You have a pair of horns on your head. [demonic ancestry]
  3228 | D:3      | Reached XP level 5. HP: 42/42 MP: 6/6
  3490 | D:3      | Found an ancient bone altar of Kikubaaqudgha.
  3607 | D:3      | Found a radiant altar of Vehumet.
  3689 | D:3      | Found a shadowy altar of Dithmenos.
  3789 | D:3      | Noticed Natasha
  3800 | D:3      | Killed Natasha
  3880 | D:3      | Reached ** piety under Lugonu
  3933 | D:3      | Noticed Ijyb
  3950 | D:3      | Blown up by Ijyb

Vault maps used:
D:1:      dpeg_arrival_chambers_temple_mockup
D:2:      tgw_xom, makhleb_blood_cavern_becter, uniq_jessica
D:3:      kiku_gazebo_garden_becter, vehumet_crystals,
          nicolae_overflow_hidden_temple, nicolae_dithmenos_shadow_blocks,
          uniq_ijyb, uniq_natasha

Skill      XL: |  1  2  3  4  5 |
---------------+----------------+-----
Maces & Flails | 2 3 4 |  4.0
Armour         | 2 3 |  3.0
Fighting       | 4 |  4.1
Dodging        | |  0.8
Invocations    | |  2.4

Action                   |  1- 3 |  4- 6 || total
-------------------------+-------+-------++-------
Melee: Mace              |   103 |   129 ||   232
       Headbutt          |    14 |    21 ||    35
 Fire: Hunting sling     |       |     9 ||     9
Invok: Depart the Abyss  |     1 |       ||     1
Evoke: Wand              |       |     1 ||     1
  Use: Potion            |     4 |     1 ||     5
  Eat: Chunk             |     2 |     8 ||    10
Armor: Leather armour    |    21 |       ||    21
       Chain mail        |    52 |    79 ||   131
       Ring mail         |     7 |       ||     7
Dodge: Dodged            |    61 |    46 ||   107

Table legend:
 A = Spawn XP
 B = Non-spawn XP
 C = Spawn XP percentage of total XP
 D = Spawn monster count
 E = Non-spawn monster count
 F = Spawn count percentage of total count
 G = Total turns spent on level
                    A         B        C        D         E        F      G
               +---------+---------+-------+---------+---------+-------+---------
         Total |       0 |     316 |   0.0 |       0 |      67 |   0.0 |  3950
               +---------+---------+-------+---------+---------+-------+---------
           D:1 |       0 |      28 |   0.0 |       0 |      14 |   0.0 |  1270
           D:2 |       0 |     124 |   0.0 |       0 |      23 |   0.0 |  1681
           D:3 |       0 |     164 |   0.0 |       0 |      30 |   0.0 |   999
               +---------+---------+-------+---------+---------+-------+---------
